 Dungeon Crawl Stone Soup version 0.29.1-4-g47bece8355 (webtiles) character file.

Game seed: 2678852877809942949

100 safid the Shooter (level 4, 0/41 HPs)
             Began as a Minotaur Hunter on Dec 1, 2022.
             Slain by Grinder (3 damage)
             ... on level 3 of the Dungeon.
             The game lasted 00:03:09 (2104 turns).

safid the Shooter (Minotaur Hunter)                 Turns: 2104, Time: 00:03:10

Health: 0/41       AC:  7    Str: 16    XL:     4   Next: 47%
Magic:  3/3        EV: 10    Int:  6    God:
Gold:   52         SH:  0    Dex: 15    Spells: 3/3 levels left

rFire   . . .      SeeInvis .   a - +0 shortbow
rCold   . . .      Faith    .   (shield currently unavailable)
rNeg    . . .      Spirit   .   g - +0 scale mail
rPois   .          Reflect  .   (helmet restricted)
rElec   .          Harm     .   (no cloak)
rCorr   .          Rampage  .   (no gloves)
Will    .....                   k - +0 pair of boots
Stlth   ..........              (no amulet)
HPRegen 0.13/turn               (no ring)
MPRegen 0.08/turn               (no ring)

@: no status effects
A: horns 2, retaliatory headbutt
a: no special abilities


You were on level 3 of the Dungeon.
You visited 1 branch of the dungeon, and saw 3 of its levels.

You collected 52 gold pieces.

Inventory:

Hand Weapons
 a - a +0 shortbow (weapon)
Armour
 g - a +0 scale mail (worn)
 k - a +0 pair of boots (worn)
Jewellery
 c - a ring of resist corrosion
Scrolls
 e - 2 scrolls of magic mapping {unknown}
 h - 2 scrolls of summoning {unknown}
 i - a scroll of amnesia {unknown}
 j - 2 scrolls of identify {unknown}
 n - a scroll of torment {unknown}
 p - a scroll of blinking {unknown}
Potions
 b - a potion of haste {unknown}
 d - a potion of degeneration {unknown}
 f - a potion of flight {unknown}
 l - a potion of resistance {unknown}
 m - 2 potions of mutation {unknown}
 o - 2 potions of might {unknown}


   Skills:
 + Level 4.4 Fighting
 + Level 5.5 Ranged Weapons
 - Level 2.1 Dodging
 - Level 0.7 Stealth


You had 3 spell levels left.
You didn't know any spells.
Your spell library was empty.

Dungeon Overview and Level Annotations

Branches:
Dungeon (3/15)

Altars:
Trog

Annotations:
D:3 Grinder


Innate Abilities, Weirdness & Mutations

You have a pair of horns on your head.
You reflexively headbutt those who attack you in melee.


Message History

Grinder is severely wounded.
Unknown command.
Fire: a) +0 shortbow
Press: ? - help, Q - select action Shift-Dir - straight line, f/p - Grinder
Aim: Grinder (severely wounded, 60% to hit)
You shoot an arrow. The arrow hits Grinder.
Grinder is severely wounded.
Grinder gestures at you.
You suddenly lose the ability to move!
Grinder hits you but does no damage. Grinder hits you.
* * * LOW HITPOINT WARNING * * *
You can move again.
Unknown command.
Unknown command.
Unknown command.
Unknown command.
Unknown command.
Unknown command.
Unknown command.
Unknown command.
Unknown command.
Unknown command.
Fire: a) +0 shortbow
Press: ? - help, Q - select action Shift-Dir - straight line, f/p - Grinder
Aim: Grinder (severely wounded, 60% to hit)
You shoot an arrow. The arrow closely misses Grinder.
Grinder blinks!
Unknown command.
Fire: a) +0 shortbow
Press: ? - help, Q - select action Shift-Dir - straight line, f/p - Grinder
Aim: Grinder (severely wounded, 60% to hit)
You shoot an arrow. The arrow hits Grinder.
Grinder is severely wounded.
Grinder hits you.
* * * LOW HITPOINT WARNING * * *
You writhe in agony.
* * * LOW HITPOINT WARNING * * *
Grinder hits you.
You die...

##.## ## #.
######.#### #.
###.### #.........#
#. #.....#
#.####.##.# #.
###...[.# #.#
#.##.###. ........#
#.####.##.##..
#.....#
#......)..)..#
#.....#
#.####.......#
#.#@###.##..).###..#
#..5....##.)..# #.##
###.###.##....###..#
#..........ยง.....#
#####.........##.#
############.. ###


You could see Grinder.

Vanquished Creatures
  3 gnolls (D:2)
  2 adders (D:2)
  2 worms (D:2)
  3 dart slugs
  4 orcs (D:3)
  4 ball pythons
  6 bats
  2 endoplasms
  A giant cockroach (D:2)
  2 goblins
  3 hobgoblins
  2 frilled lizards
  2 kobolds
  5 rats
41 creatures vanquished.

Notes
Turn   | Place    | Note
-------+----------+-------------------------------------------
     0 | D:1      | safid the Minotaur Hunter began the quest for the Orb.
     0 | D:1      | Reached XP level 1. HP: 18/18 MP: 0/0
   295 | D:1      | Reached XP level 2. HP: 25/25 MP: 1/1
   427 | D:1      | Found a faded altar of an unknown god.
   915 | D:2      | Found a bloodstained altar of Trog.
   938 | D:2      | Reached skill level 5 in Ranged Weapons
   938 | D:2      | Reached XP level 3. HP: 31/31 MP: 2/2
  1080 | D:2      | Identified the +1 robe "Resewn" {Contam MP+9 Slay+3}
  1810 | D:2      | Reached XP level 4. HP: 27/40 MP: 3/3
  2060 | D:3      | Noticed Grinder
  2100 | D:3      | Paralysed by Grinder for 3 turns
  2104 | D:3      | Slain by Grinder

Illustrated notes

Levels and vault maps discovered:
D:1:      lightli_arrival_flooded_house, layout_basic,
          hellmonk_ecumenical_altar_inner_sanctum
D:2:      layout_rooms, basic_altar
D:3:      layout_loops_ring, minmay_misc_feat_room, nicolae_titane,
          uniq_terence, uniq_grinder

Skill      XL: |  1  2  3 |
---------------+----------+-----
Fighting       | 3 4 |  4.4
Ranged Weapons | 5 |  5.5
Dodging        | |  2.1
Stealth        | |  0.7

Action                   |  1- 3 |  4- 6 || total
-------------------------+-------+-------++-------
 Fire: Shortbow          |   101 |    33 ||   134
Armor: Leather armour    |     3 |       ||     3
       Scale mail        |    14 |     3 ||    17
Dodge: Dodged            |    36 |     2 ||    38
